 Dungeon Crawl Stone Soup version 0.30-a0-778-g2ef04afb54 (webtiles) character file.

Game seed: 10986229626752877544

7 BRD the Shield-Bearer (level 2, 29/29 HPs)
             Began as a Gnoll Fighter on Feb 16, 2023.
             Quit the game on level 1 of the Dungeon.
             The game lasted 00:00:26 (249 turns).

BRD the Shield-Bearer (Gnoll Fighter)                Turns: 249, Time: 00:00:26

Health: 29/29      AC:  7    Str: 15    XL:     2   Next: 4%
Magic:  2/2        EV:  9    Int:  7    God:
Gold:   25         SH:  5    Dex: 11    Spells: 1/1 levels left

rFire   . . .      SeeInvis .    a - +0 long sword
rCold   . . .      Faith    .    c - +0 buckler
rNeg    . . .      Spirit   .    b - +0 scale mail
rPois   .          Reflect  .    (no helmet)
rElec   .          Harm     .    (no cloak)
rCorr   .          Rampage  .    (no gloves)
Will    .....                    (no boots) Stlth
                                 (no amulet)
HPRegen 0.24/turn                (no ring)
MPRegen 0.08/turn                (no ring)

@: no status effects
A: fangs 1, strong nose, distributed training
a: no special abilities


You were on level 1 of the Dungeon.
You visited 1 branch of the dungeon, and saw 1 of its levels.

You collected 25 gold pieces.

Inventory:

Hand Weapons
 a - a +0 long sword (weapon)
Armour
 b - a +0 scale mail (worn)
 c - a +0 buckler (worn)
Scrolls
 e - a scroll of identify {unknown}
 g - a scroll of fear {unknown}
Potions
 d - a potion of might
 f - a potion of berserk rage {unknown}


   Skills:
 + Level 6.4 Fighting
 + Level 0.2 Short Blades
 + Level 4.4 Long Blades
 + Level 0.2 Axes
 + Level 0.2 Maces & Flails
 + Level 0.2 Polearms
 + Level 0.2 Staves
 + Level 0.2 Ranged Weapons
 + Level 0.2 Throwing
 + Level 6.4 Armour
 + Level 0.2 Dodging
 + Level 0.2 Stealth
 + Level 6.4 Shields
 + Level 0.2 Unarmed Combat
 + Level 0.2 Spellcasting
 + Level 0.1 Conjurations
 + Level 0.1 Hexes
 + Level 0.1 Summonings
 + Level 0.1 Necromancy
 + Level 0.1 Translocations
 + Level 0.1 Transmutations
 + Level 0.1 Fire Magic
 + Level 0.1 Ice Magic
 + Level 0.1 Air Magic
 + Level 0.1 Earth Magic
 + Level 0.1 Poison Magic
 + Level 0.3 Invocations
 + Level 0.2 Evocations


You had one spell level left.
You didn't know any spells.
Your spell library contained the following spells:

 Spells                   Type           Power      Damage    Failure   Level
 Beastly Appendage        Tmut           0%         N/A       88%         1


Dungeon Overview and Level Annotations

Branches:
Dungeon (1/15)

Altars:


Innate Abilities, Weirdness & Mutations

You have very sharp teeth.
Your uncanny sense of smell can sniff out nearby items.
Your experience applies equally to all skills.


Message History

You pick your way through the web.
There is a web here.
g - a scroll labelled WOGHIN HAG No target in view!
No target in view!
A quokka comes into view.
A quokka is nearby!
Found 6 large rocks.
You closely miss the quokka.
The quokka bites you but does no damage.
You slash the quokka!
You kill the quokka!
No target in view!
No target in view!
You see here a quokka corpse.
You see here 6 large rocks.
You now have 25 gold pieces (gained 8).
A frilled lizard comes into view.
The frilled lizard hisses angrily.
The frilled lizard barely misses you.
You barely miss the frilled lizard. You bite the frilled lizard.
You kill the frilled lizard!
No target in view!
No target in view!
You see here a frilled lizard corpse.
Found a hand axe.
No target in view!
You see here a +0 hand axe.
An endoplasm comes into view.
Found a scroll labelled PIXZEU WIGAFA.
The endoplasm quivers.
You see here a fuming white potion.
You see here a scroll labelled PIXZEU WIGAFA.
You hit the endoplasm but do no damage. You bite the endoplasm.
The endoplasm is lightly wounded.
The endoplasm hits you.
You slash the endoplasm!
You kill the endoplasm!
You have reached level 2!
Are you sure you want to abandon this character and quit the game? (Confirm with "yes".)

#.....#
#####.#
#.#
#####.#
#...).#
#.#####
#.#
#!#######
#..@....#
#######.#


There were no monsters in sight!

Vanquished Creatures
  An endoplasm (D:1)
  A hobgoblin (D:1)
  A quokka (D:1)
  A frilled lizard (D:1)
  2 goblins (D:1)
  A rat (D:1)
7 creatures vanquished.

Notes
Turn   | Place    | Note
-------+----------+-------------------------------------------
     0 | D:1      | BRD the Gnoll Fighter began the quest for the Orb.
     0 | D:1      | Reached XP level 1. HP: 23/23 MP: 1/1
    57 | D:1      | Found a faded altar of an unknown god.
   116 | D:1      | Got Plato's Treatise on Transfiguration
   249 | D:1      | Reached XP level 2. HP: 29/29 MP: 2/2
   249 | D:1      | Quit the game

Illustrated notes

Levels and vault maps discovered:
D:1:      reono_arrival_forest_river, layout_basic,
          shapermc_ecumenical_altar_rom_forum

Action                     || total
---------------------------++-------
  Melee: Long sword        ||    23
         Bite              ||     3
 Armour: Scale mail        ||     8
  Dodge: Dodged            ||    12
  Block: Buckler           ||     5

Table legend: (Time is in decaauts)
 A = Elapsed time spent in this place.
 B = Non-inter-level travel time spent in this place.
 C = Inter-level travel time spent in this place.
 D = Time resting spent in this place.
 E = Time spent auto-exploring this place.
 F = Levels seen in this place.
 G = Mean time per level.
                   A        B        C        D        E       F      G
               +--------+--------+--------+--------+--------+-----+--------+
         Total |    257 |    257 |      0 |      0 |    206 |   1 |  257.0 |
       Dungeon |    257 |    257 |      0 |      0 |    206 |   1 |  257.0 |
               +--------+--------+--------+--------+--------+-----+--------+

Top non-repeatable levels by time:
     D:1: 257 daAuts
